Map: [ESL] Hecate

Players

FoxeR

  • Race: Terran Terran
  • Spawn Location: 1:00

SKillous - Winner!

  • Race: Protoss Protoss
  • Spawn Location: 7:00

Event: ESL SC2 Masters 2023 Winter (Finals)

VOD

Have the link to the VOD?

Description

Time

  • Played on: Dec. 15, 2023, 10:14 a.m.
  • Length: 9:48

All games in this series

Show
View Real Time Build Order
Export as new Build Order

FoxeR Terran 

Build Orders:  

Get SALT Encoding   

  12  0:00  SCV  
  13  0:12  SCV  
  14  0:17  Supply Depot  
  14  0:24  SCV  
  14  0:27  Refinery  
  15  0:38  SCV  
  16  0:45  Barracks  
  16  0:50  SCV  
  17  1:05  SCV  
  17  1:06  Engineering Bay  
  18  1:17  SCV  
  19  1:32  Orbital Command, Marine  
  20  1:40  Factory  
  20  1:53  Engineering Bay  
  20  1:54  Barracks Reactor  
  20  1:59  SCV  
  20  2:00  Supply Depot  
  20  2:11  SCV  
  21  2:23  SCV  
  21  2:26  Command Center  
  22  2:30  Marine x2  
  22  2:35  SCV  
  25  2:43  Barracks  
  25  2:47  SCV  
  25  2:48  Marine  
  27  2:56  Barracks  
  27  2:59  SCV  
  27  3:05  Cyclone, Marine  
  31  3:11  Supply Depot  
  31  3:31  Barracks Tech Lab  
  31  3:32  SCV, Marine x2  
  31  3:33  Supply Depot  
  34  3:38  Orbital Command, Factory Tech Lab  
  34  3:44  SCV  
  34  3:45  Marine  
  36  3:50  Marine  
  36  3:51  Stimpack  
  36  3:54  Marine  
  38  3:56  Orbital Command, SCV  
  38  3:59  Engineering Bay  
  39  4:05  Marine  
  39  4:08  SCV, Widow Mine  
  43  4:14  Marine x2  
  45  4:20  Refinery  
  45  4:21  Marauder  
  45  4:22  SCV  
  48  4:24  SCV  
  48  4:30  Marine  
  50  4:31  Combat Shield  
  50  4:34  SCV  
  50  4:36  SCV  
  50  4:37  Widow Mine  
  54  4:39  Marauder  
  54  4:44  Marine  
  54  4:45  Marauder  
  59  4:49  SCV  
  59  4:50  Supply Depot  
  59  4:51  SCV  
  61  4:56  Starport  
  61  5:03  Factory Reactor, Marine  
  62  5:10  Refinery  
  62  5:11  SCV x2, Marine x3  
  67  5:21  Marine, Supply Depot  
  64  5:23  SCV  
  64  5:25  SCV  
  66  5:29  Terran Infantry Weapons Level 1, Marauder  
  66  5:34  Supply Depot  
  68  5:36  SCV  
  68  5:38  SCV  
  68  5:41  Marauder  
  70  5:48  SCV  
  70  5:49  Marine x2  
  73  5:51  SCV  
  73  5:53  Factory Reactor  
  73  5:54  Concussive Shells  
  74  6:00  SCV  
  74  6:01  Medivac  
  74  6:02  Marine, Refinery  
  74  6:03  SCV  
  78  6:09  Supply Depot  
  78  6:11  Medivac  
  78  6:12  Marauder, SCV  
  78  6:13  Marine  
  78  6:16  SCV  
  83  6:21  Marauder  
  83  6:24  Supply Depot, SCV  
  86  6:31  Widow Mine x2  
  90  6:35  Marauder, Marine x2  
  94  6:42  Command Center  
  94  6:46  Medivac  
  96  6:47  Marauder  
  96  6:53  Supply Depot  
  98  6:56  Supply Depot  
  98  6:58  SCV  
  98  7:00  Marauder  
  101  7:08  SCV  
  101  7:13  Barracks  
  101  7:15  Marauder, Widow Mine  
  106  7:26  Barracks  
  103  7:32  Marauder  
  103  7:36  Marauder, Marine  
  104  7:38  SCV  
  104  7:41  SCV  
  104  7:43  Terran Infantry Armor Level 1, Supply Depot x2  
  104  7:48  Marine  
  104  7:50  SCV, Medivac  
  104  7:53  Marine x2  
  104  7:55  SCV  
  104  7:58  Medivac  
  107  8:01  Marauder  
  107  8:02  Barracks Tech Lab, SCV  
  110  8:06  Supply Depot  
  110  8:14  Orbital Command  
  110  8:17  SCV x2  
  110  8:19  Marauder, Marine  
  115  8:21  Barracks Reactor, Barracks Tech Lab  
  115  8:28  Marauder, Marine x2  
  115  8:29  SCV x2  
  121  8:36  Armory  
  121  8:37  Marine  
  121  8:40  Engineering Bay  
  121  8:41  SCV, Marauder  
  125  8:42  SCV x2  
  125  8:45  Marine  
  125  8:46  Marine, Ghost Academy  
  127  8:49  Marauder  
  127  8:53  SCV, Marauder  
  127  8:54  SCV x2  
  133  8:57  Marine  
  133  9:02  Marauder  
  136  9:04  Marauder  
  136  9:05  SCV  
  136  9:06  SCV  
  119  9:10  SCV  
  119  9:13  Marauder, Marine  
  112  9:17  SCV  
  103  9:26  Marauder  
Show
View Real Time Build Order
Export as new Build Order

SKillous Protoss - Winner!

Build Orders: Blink Stalkers, Colossus Rush 

Get SALT Encoding   

  12  0:00  Probe  
  13  0:12  Probe  
  14  0:17  Pylon  
  14  0:24  Probe  
  15  0:36  Gateway  
  15  0:38  Probe (Chrono Boost)  
  16  0:46  Probe (Chrono Boost)  
  16  0:48  Assimilator  
  17  0:53  Probe  
  18  1:05  Probe  
  19  1:17  Probe  
  20  1:23  Cybernetics Core  
  20  1:29  Probe  
  21  1:41  Probe  
  22  1:55  Probe  
  23  2:02  Pylon  
  23  2:04  Assimilator  
  23  2:07  Nexus  
  23  2:17  Adept (Chrono Boost)  
  23  2:20  Probe  
  26  2:26  Warp Gate  
  26  2:37  Probe  
  26  2:40  Adept  
  29  2:47  Twilight Council  
  29  2:49  Pylon  
  29  2:51  Probe  
  29  3:08  Shield Battery  
  29  3:10  Stalker  
  29  3:11  Probe  
  32  3:15  Gateway  
  32  3:19  Blink (Chrono Boost)  
  32  3:21  Probe  
  33  3:30  Probe  
  33  3:33  Probe  
  35  3:42  Probe  
  35  3:44  Robotics Facility  
  35  3:46  Probe  
  37  3:54  Probe  
  38  3:57  Gateway  
  38  3:58  Probe  
  39  4:06  Probe  
  40  4:10  Probe  
  39  4:18  Probe  
  39  4:19  Assimilator, Stalker  
  39  4:20  Assimilator  
  39  4:21  Stalker  
  39  4:22  Probe  
  45  4:30  Probe, Pylon  
  47  4:34  Probe  
  47  4:35  Robotics Bay  
  47  4:43  Probe  
  46  4:45  Stalker  
  46  4:46  Stalker  
  51  4:55  Probe  
  51  4:59  Immortal (Chrono Boost)  
  55  5:01  Probe  
  55  5:05  Pylon  
  56  5:08  Charge  
  56  5:10  Probe  
  56  5:13  Probe  
  58  5:28  Probe  
  59  5:29  Pylon  
  59  5:34  Colossus (Chrono Boost)  
  65  5:39  Sentry, Zealot  
  69  5:50  Extended Thermal Lance, Pylon  
  69  5:53  Pylon  
  69  5:54  Stalker  
  71  6:06  Nexus  
  71  6:12  Colossus (Chrono Boost)  
  71  6:13  Probe  
  71  6:15  Probe  
  79  6:19  Pylon  
  79  6:25  Stalker  
  81  6:27  Forge  
  81  6:29  Probe  
  81  6:32  Probe  
  83  6:37  Sentry  
  83  6:38  Sentry  
  83  6:39  Shield Battery  
  87  6:41  Probe  
  87  6:44  Probe  
  89  6:48  Stalker  
  89  6:53  Probe, Colossus (Chrono Boost)  
  92  7:01  Probe  
  99  7:04  Stalker  
  101  7:09  Protoss Ground Weapons Level 1 (Chrono Boost), Pylon x2  
  101  7:12  Probe  
  101  7:15  Stalker  
  102  7:19  Probe  
  102  7:20  Probe  
  102  7:33  Probe  
  101  7:39  Stalker x3  
  101  7:41  Probe  
  108  7:47  Colossus (Chrono Boost)  
  114  7:52  Probe  
  114  7:57  Probe  
  114  7:58  Probe  
  115  7:59  Gateway  
  115  8:05  Gateway  
  115  8:08  Gateway  
  115  8:11  Gateway  
  115  8:12  Templar Archives  
  115  8:13  Gateway, Probe  
  115  8:19  Pylon  
  116  8:31  Warp Prism (Chrono Boost)  
  116  8:34  Nexus, Pylon  
  118  8:35  Pylon  
  118  8:40  Pylon  
  118  8:42  Zealot, Pylon  
  118  8:53  Zealot x2  
  118  8:54  Zealot  
  122  9:17  High Templar x4, Zealot x3  
  128  9:18  Zealot  
  128  9:20  Archon  
  128  9:23  Archon  
  130  9:24  Gateway, Probe x2  
  130  9:29  Probe  
  130  9:31  Shield Battery  
  127  9:32  Gateway  
  127  9:33  Pylon  
  117  9:38  Zealot x4  
Tags
 
Add a new tag
Caveats
  • Supply blocks, unpowered buildings, or Contaminate may cause inaccurate times.
  • Supply counts are checked every 10 seconds.